 Dungeon Crawl Stone Soup version 0.28-a0-969-g2dcde036d2 (webtiles) character file.

Game seed: 5764745917195514239

612 GregHouse the Cleaver (level 7, -3/60 (62) HPs)
             Began as a Hill Orc Monk on Dec 1, 2021.
             Was a Follower of Beogh.
             Slain by a wight (14 damage)
             ... on level 5 of the Dungeon.
             The game lasted 00:37:18 (6594 turns).

GregHouse the Cleaver (Hill Orc Monk)               Turns: 6594, Time: 00:37:18

HP:   -3/60 (62)    AC:  7    Str: 16    XL:     7   Next: 44%
MP:   8/8           EV: 11    Int:  6    God:    Beogh [*.....]
Gold: 369           SH:  0    Dex: 13    Spells: 6/6 levels left

rFire   . . .      SeeInvis .   s - +0 war axe
rCold   . . .      Faith    .   (no shield)
rNeg    . . .      Spirit   .   A - +1 ring mail "Bugg" {rElec Will+ Int-4}
rPois   .          Reflect  .   (no helmet)
rElec   +          Harm     .   (no cloak)
rCorr   .          Rampage  .   y - +0 pair of gloves
Will    +....                   (no boots)
Stlth   +.........              (no amulet)
HPRegen 0.20/turn               (no ring)
MPRegen 0.11/turn               (no ring)

@: lightly drained
A: no striking features
a: Renounce Religion


You were on level 5 of the Dungeon.
You worshipped Beogh.
Beogh was aware of your devotion.
You visited 1 branch of the dungeon, and saw 6 of its levels.

You collected 369 gold pieces.

Inventory:

Hand Weapons
 l - a +0 hunting sling
 s - a +0 war axe (weapon)
Missiles
 b - 6 poisoned darts (quivered)
 h - 29 arrows
Armour
 t - a +0 scale mail
 y - a +0 pair of gloves (worn)
 A - the +1 ring mail "Bugg" (worn) {rElec Will+ Int-4}
   (You found it on level 5 of the Dungeon)

   Int:       It affects your intelligence (-4).
   rElec:     It insulates you from electricity.
   Will:      It increases your willpower.
Jewellery
 m - an amulet of the acrobat
 r - a ring of positive energy
Wands
 w - a wand of iceblast (10)
Scrolls
 f - 3 scrolls of fear
 g - a scroll of enchant armour {unknown}
 i - 5 scrolls of teleportation
 o - a scroll of holy word {unknown}
 p - a scroll of immolation {unknown}
 q - a scroll of enchant weapon {unknown}
Potions
 a - a potion of mutation
 c - a potion of brilliance
 d - 2 potions of attraction
 e - a potion of berserk rage
 j - a potion of magic
 k - 2 potions of flight
 n - a potion of lignification
 u - a potion of resistance {unknown}
 v - a potion of cancellation {unknown}
 x - a potion of curing {unknown}
 z - a potion of invisibility {unknown}


   Skills:
 + Level 5.9 Fighting
 + Level 8.5 Axes
 + Level 2.2 Armour
 - Level 2.4 Dodging
 + Level 2.5 Stealth
 + Level 1.6 Invocations


You had 6 spell levels left.
You didn't know any spells.
Your spell library contained the following spells:

 Spells                   Type           Power      Damage    Failure   Level
 Apportation              Tloc           0%         N/A       67%         1
 Summon Small Mammal      Summ           0%         N/A       67%         1
 Call Canine Familiar     Summ           0%         N/A       95%         3
 Summon Guardian Golem    Hex/Summ       0%         N/A       95%         3
 Alistair's Intoxication  Tmut/Pois      0%         N/A       100%        5


Dungeon Overview and Level Annotations

Branches:
Dungeon (6/15)
 Temple: D:4-7

Altars:
Cheibriados
Ru
Uskayaw
Wu Jian

Annotations:
D:2 Sigmund
D:3 exclusion: downstairs
D:4 exclusion: downstairs
D:5 exclusion: 2 downstairs


Message History

You feel a bit more experienced.
Your life force feels restored.
Your Armour skill increases to level 2!
You start resting.
You can no longer smite your foes.
You start resting.
Magic restored.
You see here a sky beast corpse.
Items here: )) [[.
There is a stone staircase leading down, spattered with blood here.
You climb downwards.
The centaur zombie misses you.
The centaur zombie kicks you but does no damage.
The howler monkey zombie hits you but does no damage.
The wight barely misses you. The wight hits you but does no damage.
The centaur zombie hits you but does no damage.
The centaur zombie kicks you but does no damage.
There is a stone staircase leading up, spattered with blood here.
The howler monkey zombie misses you. The wight barely misses you.
The centaur zombie hits you. The centaur zombie kicks you.
The wight hits you with a +0 dagger of electrocution.
* * * LOW HITPOINT WARNING * * *
You climb upwards.
Level annotation: exclusion: 2 downstairs
There is a stone staircase leading down, spattered with blood here.
You closely miss the wight. You hit the wight.
The wight hits you with a +0 dire flail.
* * * LOW HITPOINT WARNING * * *
The wight misses you.
You hit the wight.
The wight is moderately damaged.
You barely miss the wight. The wight closely misses you.
The wight hits you with a +0 dagger of electrocution.
* * * LOW HITPOINT WARNING * * *
You feel drained.
* * * LOW HITPOINT WARNING * * *
You slash the wight!
The wight is almost destroyed.
You hit the wight but do no damage.
The wight hits you with a +0 dire flail!
You die...

####......#...................#..
.......[..#...................#..
..........#...................#..
..........#.........##.......##..
..........#.........##.......##..
....#######...##....##........#..
....# ######....##........#..
##### #z†z............#..
#.@[..##.......##..
#.....######'####..
#..............#...
#..............#...
#..............#...
#..............#...
###################


You could see 2 wights.

Vanquished Creatures
  A sky beast (D:5)
  A bullfrog (D:4)
  A water moccasin skeleton (D:4)
  2 wights (D:5)
  A centaur zombie (D:5)
  2 hounds
  5 iguanas
  A hound skeleton (D:4)
  4 adders
  An adder skeleton (D:4)
  2 worms (D:3)
  2 dart slugs
  An orc (D:3)
  A bat (D:2)
  5 endoplasms
  A giant cockroach (D:3)
  2 goblins (D:1)
  5 hobgoblins
  6 kobolds
  A quokka (D:4)
  3 ball pythons
  4 frilled lizards
  3 rats
55 creatures vanquished.

Vanquished Creatures (others)
  A scorpion (D:5)
  A bullfrog zombie (D:5)
  2 orc priests (D:5)
  An orc wizard (D:5)
  An adder (D:5)
6 creatures vanquished.

Grand Total: 61 creatures vanquished

Notes
Turn   | Place    | Note
-------+----------+-------------------------------------------
     0 | D:1      | GregHouse the Hill Orc Monk began the quest for the Orb.
     0 | D:1      | Reached XP level 1. HP: 19/19 MP: 1/1
   348 | D:1      | Reached XP level 2. HP: 27/27 MP: 2/2
   687 | D:1      | Found a faded altar of an unknown god.
   687 | D:1      | Noticed an Ice Fiend
  1394 | D:2      | Noticed Sigmund
  1446 | D:2      | Reached XP level 3. HP: 33/33 MP: 3/3
  1629 | D:2      | Reached skill level 5 in Axes
  2931 | D:4      | Noticed a bullfrog
  2939 | D:3      | Reached XP level 4. HP: 33/41 MP: 4/4
  3834 | D:5      | Entered Level 5 of the Dungeon
  3835 | D:5      | Became a worshipper of Beogh the Brigand
  3835 | D:5      | Reached * piety under Beogh
  3835 | D:5      | Reached ** piety under Beogh
  3931 | D:4      | Found a sacrificial altar of Ru.
  3952 | D:4      | Reached skill level 6 in Axes
  3952 | D:4      | Reached XP level 5. HP: 24/47 MP: 5/5
  4154 | D:4      | Noticed a +0 dagger
  4154 | D:4      | Noticed a +0 dagger
  4156 | D:4      | Noticed a +0 short sword
  4156 | D:4      | Noticed a +0 short sword
  4156 | D:4      | Noticed a +0 spear
  4156 | D:4      | Noticed a +0 spear
  4157 | D:4      | Noticed a +0 falchion
  4158 | D:4      | Noticed a +0 falchion
  4170 | D:4      | Reached skill level 5 in Fighting
  4318 | D:4      | Reached skill level 1 in Invocations
  4664 | D:4      | Reached skill level 7 in Axes
  4664 | D:4      | Reached XP level 6. HP: 26/56 MP: 5/7
  4882 | D:5      | Found an ornate altar of the Wu Jian Council.
  4994 | D:4      | Found a snail-covered altar of Cheibriados.
  5402 | D:4      | Found a hide-covered altar of Uskayaw.
  5683 | D:6      | Noticed a sky beast
  5965 | D:5      | Reached skill level 1 in Armour
  6181 | D:5      | Identified the +1 ring mail "Bugg" {rElec Will+ Int-4}
  6357 | D:6      | Found a sand-covered staircase.
  6369 | D:5      | Reached XP level 7. HP: 54/61 MP: 8/8
  6430 | D:5      | Reached skill level 8 in Axes
  6594 | D:5      | Slain by a wight

Illustrated notes

Levels and vault maps discovered:
D:1:      evilmike_arrival_plus, layout_rooms,
          dreamdust_ecumenical_altar_sealed_demon, minmay_misc_feat_diagonals
D:2:      layout_basic, minmay_misc_feat_five, grunt_decor_resistance,
          uniq_sigmund
D:3:      layout_loops_ring, grunt_ministairs_8
D:4:      layout_loops_corners, nicolae_uskayaw_en_pointe,
          amcnicky_altar_gilded, kennysheep_little_box,
          hangedman_decor_clover_reticule
D:5:      layout_gridville, mainiacjoe_overflow_tiny_flanked
D:6:      layout_rooms, general_overflow_altar, kennysheep_mini, fedhas_altar_1,
          lemuel_blue_sif_altar, nemelex_diamond_rough_becter,
          nicolae_ossuary_entry_monument

Skill      XL: |  1  2  3  4  5  6  7 |
---------------+----------------------+-----
Fighting       | 4 5 |  5.9
Axes           | 5 6 7 8 |  8.5
Stealth        | 2 |  2.5
Invocations    | 1 |  1.6
Armour         | 1 2 |  2.2
Dodging        | |  2.4

Action                   |  1- 3 |  4- 6 |  7- 9 || total
-------------------------+-------+-------+-------++-------
Melee: Hand axe          |   102 |       |       ||   102
       War axe           |    17 |   109 |    24 ||   150
Invok: Convert to Beogh  |       |     1 |       ||     1
       Smiting           |       |     1 |     1 ||     2
  Use: Scroll            |       |    10 |       ||    10
 Stab: Sleeping          |     2 |       |       ||     2
Armor: Robe              |    16 |     4 |       ||    20
       Scale mail        |       |    26 |       ||    26
       Ring mail         |       |     5 |    15 ||    20
Dodge: Dodged            |    58 |    70 |    22 ||   150

Table legend: (Time is in decaauts)
 A = Elapsed time spent in this place.
 B = Non-inter-level travel time spent in this place.
 C = Inter-level travel time spent in this place.
 D = Time resting spent in this place.
 E = Time spent auto-exploring this place.
 F = Levels seen in this place.
 G = Mean time per level.
                   A        B        C        D        E       F      G
               +--------+--------+--------+--------+--------+-----+--------+
         Total |   6642 |   6513 |    129 |   2443 |   2181 |   6 | 1107.0 |
       Dungeon |   6642 |   6513 |    129 |   2443 |   2181 |   6 | 1107.0 |
               +--------+--------+--------+--------+--------+-----+--------+

Top non-repeatable levels by time:
     D:4: 1955 daAuts
     D:2: 1570 daAuts
     D:3: 1253 daAuts
     D:5: 1004 daAuts
     D:1: 845 daAuts
     D:6: 12 daAuts
